[Event "XTX Markets London Masters 2024"]
[Site "London"]
[Date "2024.11.30"]
[Round "2.29"]
[White "Zhao, George"]
[Black "Subramanian, Anusha"]
[Result "1-0"]
[ECO "E05"]
[WhiteElo "2233"]
[BlackElo "2131"]
[Annotator "RC"]
[PlyCount "83"]
[EventDate "2024.11.28"]
[EventType "swiss"]
[EventCountry "ENG"]
[SourceTitle "playchess.com"]
[Source "ChessBase"]
[SourceQuality "1"]
[TimeControl "40/5400+30:1800+30"]

1. d4 Nf6 2. c4 e6 3. g3 d5 4. Nf3 Be7 5. Bg2 O-O 6. O-O dxc4 7. Qc2 a6 8. a4 h6 9. Qxc4 b5 10. Qd3 b4 11. a5 Bb7 12. Nbd2 Nbd7 13. Nc4 c5 14. Bf4 cxd4 15. Qxd4 Bc5 16. Qd3 Be4 17. Qd2 Bd5 18. Ne3 Ne4 19. Qd3 Bxe3 20. Qxe3 Qf6 21. Nd2 Nec5 22. Rac1 Rfc8 23. Nc4 Na4 24. Ne5 Ndc5 25. Bxd5 exd5 26. Qd4 g5 27. Be3 Ne6 28. Qxd5 Rd8 29. Qe4 Re8 30. Ng4 Qg7 31. Qxb4 Nxb2 32. Rc6 Rab8 33. Rb6 Rxb6 34. axb6 f5 35. b7 Rb8 36. Qd6 Nc7 37. Bd4 Nc4 38. Qc5 Ne6 39. Qc8+ Qf8 40. Qxe6+ Kh7 41. Nf6+ Kg6 42. Nd7+ 1-0

[Event "XTX Markets London Masters 2024"]
[Site "London"]
[Date "2024.11.30"]
[Round "2.30"]
[White "Venkataramanan, T.S."]
[Black "Kovalskyi, Roman"]
[Result "0-1"]
[ECO "B22"]
[WhiteElo "2227"]
[BlackElo "2124"]
[Annotator "RC"]
[PlyCount "136"]
[EventDate "2024.11.28"]
[EventType "swiss"]
[EventCountry "ENG"]
[SourceTitle "playchess.com"]
[Source "ChessBase"]
[SourceQuality "1"]
[TimeControl "40/5400+30:1800+30"]

1. e4 c5 2. c3 d5 3. exd5 Qxd5 4. d4 Nf6 5. Nf3 e6 6. Be3 cxd4 7. cxd4 Bb4+ 8. Nc3 Qa5 9. Qb3 O-O 10. Bd3 b6 11. Ne5 Ba6 12. Nc4 Bxc3+ 13. bxc3 Qd5 14. Kd2 Rc8 15. Ne5 Bb5 16. Qxd5 Bxd3 17. Nxd3 Nxd5 18. Rhd1 Nxc3 19. Rdc1 Ne4+ 20. Ke2 Nd7 21. Nb4 Ndf6 22. Kf3 Nc3 23. Rc2 Nfd5 24. Nd3 Nb5 25. Rac1 Rxc2 26. Rxc2 f6 27. Rc6 Kf7 28. a4 Nbc3 29. Nb2 b5 30. a5 b4 31. Bd2 Nb5 32. Be3 Ke7 33. Rc5 Nd6 34. Bd2 g5 35. Ke2 Rb8 36. Kd3 Nb7 37. Rc6 Kd7 38. Ra6 Ra8 39. Na4 Nc7 40. Rb6 axb6 41. Nxb6+ Kc6 42. Nxa8 Nxa8 43. Bxb4 Nc7 44. a6 Nxa6 45. Be7 f5 46. Bxg5 Kd5 47. Bf6 Nb4+ 48. Ke3 Nc6 49. Kf4 Nd6 50. g4 fxg4 51. Kxg4 Nxd4 52. f3 N4f5 53. Kg5 Nf7+ 54. Kf4 N5d6 55. h3 e5+ 56. Kg4 Ke6 57. Bh4 Nf5 58. Be1 Kf6 59. h4 Ne3+ 60. Kg3 Kf5 61. Kf2 Nd5 62. Kg3 Nd8 63. Bd2 Ne6 64. Bc1 h5 65. Bd2 Ndf4 66. Ba5 Nd4 67. Bc7 Nd3 68. Bd8 Ne1 0-1

[Event "XTX Markets London Masters 2024"]
[Site "London"]
[Date "2024.11.30"]
[Round "2.31"]
[White "Rocco, Federico"]
[Black "Kalavannan, Koby"]
[Result "0-1"]
[ECO "B27"]
[WhiteElo "2154"]
[BlackElo "2225"]
[Annotator "RC"]
[PlyCount "80"]
[EventDate "2024.11.28"]
[EventType "swiss"]
[EventCountry "ENG"]
[SourceTitle "playchess.com"]
[Source "ChessBase"]
[SourceQuality "1"]
[TimeControl "40/5400+30:1800+30"]

1. e4 c5 2. Nf3 g6 3. d4 cxd4 4. Qxd4 Nf6 5. Nc3 Nc6 6. Qa4 d6 7. e5 dxe5 8. Nxe5 Qd4 9. Nxc6 Qxa4 10. Nxa4 bxc6 11. Bc4 Bf5 12. Ba6 Rb8 13. c3 Nd5 14. O-O Bg7 15. Nc5 O-O 16. Bb7 Rfd8 17. Bxc6 Nxc3 18. bxc3 Bxc3 19. Be3 Bxa1 20. Rxa1 Rb1+ 21. Rxb1 Bxb1 22. h4 Bxa2 23. Nb7 Rd1+ 24. Kh2 Bd5 25. Na5 a6 26. Kg3 f6 27. Bd7 Kf7 28. Bc8 Ra1 29. Bb6 Rb1 30. Be3 Rb5 31. Bd2 Rb2 32. Be3 Rb8 33. Bg4 Rb5 34. Bd2 Rb2 35. Bc3 Ra2 36. Bb4 Ra4 37. Bd2 Ra3+ 38. Kh2 Ra2 39. Be1 f5 40. Bh3 Re2 0-1

[Event "XTX Markets London Masters 2024"]
[Site "London"]
[Date "2024.11.30"]
[Round "2.32"]
[White "Li, Jack"]
[Black "Rushbrooke, Remy"]
[Result "0-1"]
[ECO "B06"]
[WhiteElo "1717"]
[BlackElo "2074"]
[Annotator "NA RC"]
[PlyCount "110"]
[EventDate "2024.11.28"]
[EventType "swiss"]
[EventCountry "ENG"]
[SourceTitle "playchess.com"]
[Source "ChessBase"]
[SourceQuality "1"]
[TimeControl "40/5400+30:1800+30"]

1. e4 g6 2. d4 Bg7 3. Nc3 d6 4. Be3 a6 5. Qd2 b5 6. f3 Bb7 7. h4 h6 8. O-O-O Nd7 9. Nh3 Ngf6 10. g4 Nb6 11. d5 c5 12. dxc6 Bxc6 13. Bd4 Qc7 14. g5 hxg5 15. hxg5 Nh5 16. Bxg7 Nxg7 17. Be2 O-O-O 18. Nf4 Rxh1 19. Rxh1 e5 20. Nfd5 Bxd5 21. Nxd5 Nxd5 22. Qxd5 Qb7 23. Rh7 Ne6 24. Qxb7+ Kxb7 25. Rxf7+ Kc6 26. a4 Nxg5 27. Rf6 Nh3 28. Bd1 Nf4 29. c3 Rh8 30. Rf7 Rh2 31. Bc2 Rh1+ 32. Kd2 Rh2+ 33. Kc1 Rf2 34. a5 Rxf3 35. Ra7 Rf1+ 36. Kd2 Rf2+ 37. Kc1 g5 38. Rxa6+ Kb7 39. Rb6+ Ka7 40. Bd1 Nd3+ 41. Kb1 Rxb2+ 42. Ka1 Rd2 43. Bh5 Nc5 44. Rxb5 Nxe4 45. c4 Nf6 46. Bg6 g4 47. Rb3 Rd4 48. Rc3 Rf4 49. c5 dxc5 50. Rxc5 g3 51. Bd3 g2 52. Rc7+ Kb8 53. Rc1 e4 54. Bb5 Rf2 55. Bc6 Rf1 0-1

[Event "XTX Markets London Masters 2024"]
[Site "London"]
[Date "2024.11.30"]
[Round "2.33"]
[White "Fernandez, Michael"]
[Black "Manmay Chopra"]
[Result "1-0"]
[ECO "A24"]
[WhiteElo "2138"]
[BlackElo "2217"]
[Annotator "RC"]
[PlyCount "69"]
[EventDate "2024.11.28"]
[EventType "swiss"]
[EventCountry "ENG"]
[SourceTitle "playchess.com"]
[Source "ChessBase"]
[SourceQuality "1"]
[TimeControl "40/5400+30:1800+30"]

1. c4 Nf6 2. g3 g6 3. Bg2 Bg7 4. Nc3 O-O 5. e4 d6 6. Nge2 e5 7. O-O Be6 8. d3 Qd7 9. Nd5 c6 10. Nxf6+ Bxf6 11. Nc3 h5 12. Be3 h4 13. f4 hxg3 14. hxg3 Bg4 15. Qd2 Bg7 16. d4 Na6 17. dxe5 dxe5 18. Qxd7 Bxd7 19. f5 Kh7 20. Rad1 Rfd8 21. fxg6+ fxg6 22. Bg5 Nc5 23. Bxd8 Rxd8 24. Bh3 Bxh3 25. Rxd8 Bxf1 26. Kxf1 a5 27. Ra8 a4 28. Ke2 Bh6 29. Kf3 Bc1 30. Nxa4 Ne6 31. Kg4 b5 32. cxb5 cxb5 33. Rc8 Be3 34. Nc3 Nd4 35. Rb8 1-0

[Event "XTX Markets London Masters 2024"]
[Site "London"]
[Date "2024.11.30"]
[Round "2.34"]
[White "Dignam, Matthew"]
[Black "Sowray, Peter J"]
[Result "0-1"]
[ECO "B13"]
[WhiteElo "2123"]
[BlackElo "2205"]
[Annotator "RC"]
[PlyCount "118"]
[EventDate "2024.11.28"]
[EventType "swiss"]
[EventCountry "ENG"]
[SourceTitle "playchess.com"]
[Source "ChessBase"]
[SourceQuality "1"]
[TimeControl "40/5400+30:1800+30"]

1. e4 c6 2. d4 d5 3. exd5 cxd5 4. Bd3 Nc6 5. c3 Nf6 6. h3 e5 7. dxe5 Nxe5 8. Bc2 Bc5 9. Bf4 Ng6 10. Qe2+ Qe7 11. Bg5 Qxe2+ 12. Nxe2 Ne4 13. Bxe4 dxe4 14. Nd2 f5 15. Nc4 Be6 16. Ne3 Kf7 17. Bf4 Rad8 18. g4 fxg4 19. Nxg4 Bxg4 20. hxg4 Rd3 21. Rh5 Bb6 22. Bg3 h6 23. Rf5+ Ke6 24. Nf4+ Nxf4 25. Rxf4 e3 26. Re4+ Kf6 27. fxe3 Rxe3+ 28. Rxe3 Bxe3 29. Ke2 Re8 30. Kf3 Bc5 31. Re1 Rxe1 32. Bxe1 g6 33. b4 Be7 34. c4 Ke6 35. Ke4 h5 36. gxh5 gxh5 37. Kf4 h4 38. a4 h3 39. Kf3 Bd6 40. c5 Be5 41. b5 Bd4 42. c6 bxc6 43. bxc6 Be5 44. Bf2 a6 45. Ba7 Kd5 46. Bf2 Kxc6 47. Bh4 Bc7 48. Be1 Kc5 49. Bd2 Kc4 50. Be1 Kb3 51. a5 Ka4 52. Bd2 Kb5 53. Bc3 Bxa5 54. Be5 Kc6 55. Bf4 Bb4 56. Bc1 Be1 57. Bf4 a5 58. Kg4 a4 59. Kxh3 a3 0-1

[Event "XTX Markets London Masters 2024"]
[Site "London"]
[Date "2024.11.30"]
[Round "2.35"]
[White "Verma, Shlok"]
[Black "Franco, Gaston"]
[Result "1-0"]
[ECO "D36"]
[WhiteElo "2191"]
[BlackElo "2070"]
[Annotator "RC"]
[PlyCount "79"]
[EventDate "2024.11.28"]
[EventType "swiss"]
[EventCountry "ENG"]
[SourceTitle "playchess.com"]
[Source "ChessBase"]
[SourceQuality "1"]
[TimeControl "40/5400+30:1800+30"]

1. d4 d5 2. c4 e6 3. Nc3 Nf6 4. cxd5 exd5 5. Bg5 Be7 6. e3 c6 7. Bd3 O-O 8. Nge2 Nbd7 9. O-O Re8 10. Qc2 Nf8 11. f3 g6 12. Bh4 Ne6 13. Rad1 Nh5 14. Bf2 Bh4 15. g3 Bf6 16. g4 Nhg7 17. Kg2 Bh4 18. Ng3 Qf6 19. Bg1 Qg5 20. f4 Qxg4 21. Be2 Nxd4 22. exd4 Qh3+ 23. Kf2 Bf5 24. Qc1 Be4 25. Ncxe4 dxe4 26. Ke3 Nf5+ 27. Kd2 Nxg3 28. hxg3 Bxg3 29. Be3 Qf5 30. Kc2 Bh4 31. Kb1 Bf6 32. Rg1 Rad8 33. Bg4 Qa5 34. f5 Qb4 35. Qd2 Qb5 36. Qh2 c5 37. Rh1 h5 38. fxg6 fxg6 39. Bxh5 Bxd4 40. Bxg6 1-0

[Event "XTX Markets London Masters 2024"]
[Site "London"]
[Date "2024.11.30"]
[Round "2.36"]
[White "Sivanandan, Bodhana"]
[Black "Bin-Suhayl, Ieysaa"]
[Result "0-1"]
[ECO "C06"]
[WhiteElo "2082"]
[BlackElo "2183"]
[Annotator "RC"]
[PlyCount "172"]
[EventDate "2024.11.28"]
[EventType "swiss"]
[EventCountry "ENG"]
[SourceTitle "playchess.com"]
[Source "ChessBase"]
[SourceQuality "1"]
[TimeControl "40/5400+30:1800+30"]

1. e4 e6 2. d4 d5 3. Nd2 Nf6 4. e5 Nfd7 5. Bd3 c5 6. c3 Nc6 7. Ne2 cxd4 8. cxd4 f6 9. exf6 Nxf6 10. Nf3 Bd6 11. O-O O-O 12. Bf4 Bxf4 13. Nxf4 Ne4 14. Qc1 Ng5 15. Nxg5 Qxg5 16. Bxh7+ Kxh7 17. Nxe6 Qf5 18. Nxf8+ Qxf8 19. Qg5 Qf5 20. Qxf5+ Bxf5 21. Rad1 g5 22. h3 Rf8 23. Rfe1 Kg7 24. Re3 Bg6 25. Rb3 Rf7 26. Rb5 Rd7 27. Rc5 Kf6 28. a3 Kf5 29. f3 Ke6 30. b4 Kd6 31. Rc3 a6 32. Kf2 Rh7 33. Rd2 Rh4 34. Ke3 Be8 35. Rc1 Bd7 36. Rh1 a5 37. g4 axb4 38. axb4 Rh8 39. h4 gxh4 40. Rdh2 Re8+ 41. Kf2 Nxd4 42. Rxh4 Rf8 43. R1h3 Ne6 44. Rh6 Ke5 45. R3h5+ Kd4 46. Rh7 Bc6 47. Rf5 Re8 48. g5 Kc4 49. g6 Kxb4 50. g7 d4 51. Rfh5 d3 52. Rh1 d2 53. R7h4+ Kc3 54. Rg4 Nxg7 55. Rxg7 Kc2 56. Rgg1 Rd8 57. Rd1 Rd3 58. Ra1 d1=Q 59. Rhxd1 Rxd1 60. Ra5 Rd2+ 61. Ke1 Rd3 62. f4 Re3+ 63. Kf2 Rf3+ 64. Ke2 Rxf4 65. Rc5+ Kb3 66. Ke3 Rc4 67. Rg5 b5 68. Kd2 b4 69. Rg3+ Kb2 70. Rg6 b3 71. Rf6 Be4 72. Ke3 Bc2 73. Rf2 Ka3 74. Rg2 b2 75. Rg1 b1=Q 76. Rxb1 Bxb1 77. Kf2 Re4 78. Kg1 Re2 79. Kf1 Bd3 80. Kg1 Kb3 81. Kh1 Kc3 82. Kg1 Kd4 83. Kh1 Ke3 84. Kg1 Kf3 85. Kh1 Kg3 86. Kg1 Re1# 0-1

[Event "XTX Markets London Masters 2024"]
[Site "London"]
[Date "2024.11.30"]
[Round "2.37"]
[White "Finn, Peter"]
[Black "Murawski, Jan"]
[Result "1-0"]
[ECO "D35"]
[WhiteElo "2175"]
[BlackElo "2065"]
[Annotator "RC"]
[PlyCount "91"]
[EventDate "2024.11.28"]
[EventType "swiss"]
[EventCountry "ENG"]
[SourceTitle "playchess.com"]
[Source "ChessBase"]
[SourceQuality "1"]
[TimeControl "40/5400+30:1800+30"]

1. d4 Nf6 2. c4 e6 3. Nc3 d5 4. cxd5 exd5 5. Bg5 Be7 6. e3 h6 7. Bh4 c6 8. Bd3 Ne4 9. Bxe7 Qxe7 10. Bxe4 dxe4 11. Nge2 O-O 12. O-O f5 13. Nf4 Kh7 14. f3 Nd7 15. fxe4 fxe4 16. Qh5 Qe8 17. Qxe8 Rxe8 18. Nh5 Kg6 19. g4 Nb6 20. h3 Nc4 21. Nd1 Nd2 22. Rf2 Nf3+ 23. Kg2 Ne1+ 24. Kg3 Be6 25. Nf4+ Kh7 26. Nxe6 Rxe6 27. Nc3 Nd3 28. Rf7 b6 29. b3 a5 30. Raf1 Nb4 31. Rb7 b5 32. Rff7 Rg8 33. h4 h5 34. g5 Nc2 35. Kf4 Kg6 36. Nxe4 Nb4 37. Nc3 Nc2 38. Nd1 Ne1 39. e4 Ng2+ 40. Kg3 Nxh4 41. Rf4 Rd6 42. Kxh4 Rxd4 43. Nf2 Rd2 44. Nh3 Rxa2 45. Rf6+ gxf6 46. Nf4# 1-0

[Event "XTX Markets London Masters 2024"]
[Site "London"]
[Date "2024.11.30"]
[Round "2.38"]
[White "Zhang, Kendrick Botong"]
[Black "Birkisson, Bjorn Holm"]
[Result "1-0"]
[ECO "B12"]
[WhiteElo "2011"]
[BlackElo "2165"]
[Annotator "RC"]
[PlyCount "127"]
[EventDate "2024.11.28"]
[EventType "swiss"]
[EventCountry "ENG"]
[SourceTitle "playchess.com"]
[Source "ChessBase"]
[SourceQuality "1"]
[TimeControl "40/5400+30:1800+30"]

1. e4 c6 2. d4 d5 3. e5 Bf5 4. Nf3 e6 5. Be2 Nd7 6. Nbd2 h6 7. Nb3 Ne7 8. O-O Bh7 9. Bd2 Ng6 10. Ne1 Be7 11. f4 O-O 12. Nd3 b6 13. c3 c5 14. Nbc1 Rc8 15. Bg4 Rc6 16. f5 exf5 17. Bxf5 Nb8 18. e6 fxe6 19. Bxg6 Bxg6 20. Rxf8+ Bxf8 21. Ne5 Be4 22. Nxc6 Nxc6 23. Ne2 cxd4 24. cxd4 Nxd4 25. Nxd4 Bc5 26. Be3 e5 27. Bf2 exd4 28. Bxd4 Qg5 29. g3 Qe5 30. Bxc5 bxc5 31. Qe2 Kh7 32. Re1 Qd4+ 33. Qf2 Qb4 34. Rc1 d4 35. Qe1 Qxe1+ 36. Rxe1 Bd5 37. b3 c4 38. bxc4 Bxc4 39. a3 d3 40. Kf2 Bb3 41. Ke3 Bc2 42. Kd2 a5 43. Re6 a4 44. h4 g6 45. Re7+ Kg8 46. Rd7 h5 47. Rxd3 Bxd3 48. Kxd3 Kf7 49. Kc4 g5 50. Kb4 gxh4 51. gxh4 Kf6 52. Kxa4 Kf5 53. Kb5 Kg4 54. a4 Kxh4 55. a5 Kg3 56. a6 h4 57. a7 h3 58. a8=Q Kh2 59. Kc4 Kg1 60. Qg8+ Kh1 61. Qd5+ Kg1 62. Qd4+ Kh1 63. Qe4+ Kg1 64. Qg4+ 1-0

[Event "XTX Markets London Masters 2024"]
[Site "London"]
[Date "2024.11.30"]
[Round "2.39"]
[White "Hera, Imre Jr."]
[Black "Zhou, Yang-Fan"]
[Result "1/2-1/2"]
[ECO "A05"]
[WhiteElo "2522"]
[BlackElo "2418"]
[Annotator "TA"]
[PlyCount "29"]
[EventDate "2024.11.28"]
[EventType "swiss"]
[EventCountry "ENG"]
[SourceTitle "playchess.com"]
[Source "ChessBase"]
[SourceQuality "1"]
[TimeControl "40/5400+30:1800+30"]

1. Nf3 Nf6 2. g3 g6 3. b3 d5 4. Bb2 c5 5. Bg2 Bg7 6. O-O O-O 7. e3 Nc6 8. Ne5 Nxe5 9. Bxe5 Bg4 10. Qc1 Qd7 11. Qb2 Bh3 12. d3 Bxg2 13. Kxg2 Ne8 14. Bxg7 Nxg7 15. Nd2 {[%emt 0:00:22] An uneventful encounter.   Weighted Error Value: White=0.03 (flawless) /Black=0.00 (flawless) .  OK:         	White=4     	Black=5} 1/2-1/2